 Dungeon Crawl Stone Soup version 0.22.1-6-g1668fe2c40 (webtiles) character file.

2956 LabCoat the Cleaver (level 9, -7/78 HPs)
             Began as a Hill Orc Fighter on Jan 26, 2019.
             Was an Initiate of Trog.
             Killed from afar by an electric eel (10 damage)
             ... with a bolt of electricity
             ... on level 7 of the Dungeon.
             The game lasted 00:29:24 (7468 turns).

LabCoat the Cleaver (Hill Orc Fighter)              Turns: 7468, Time: 00:29:25

Health: -7/78      AC: 17    Str: 26    XL:     9   Next: 81%
Magic:  0/9        EV:  7    Int:  8    God:    Trog [......]
Gold:   465        SH: 12    Dex: 11    Spells: 8/8 levels left

rFire    . . .     SeeInvis .   a - +1 war axe
rCold    . . .     Gourm    .   c - +1 shield
rNeg     . . .     Faith    .   t - +0 plate armour
rPois    .         Spirit   +   r - +0 helmet
rElec    .         Reflect  .   F - +0 cloak
rCorr    .         Harm     .   G - +0 pair of gloves
MR       .....                  e - +0 pair of boots
Stlth    ..........             o - amulet of guardian spirit
HPRegen  0.23/turn              v - +2 ring of evasion
MPRegen  0.11/turn              y - +5 ring of strength

@: no status effects
A: no striking features
a: Renounce Religion


You were on level 7 of the Dungeon.
You worshipped Trog.
Trog was noncommittal.
You were not hungry.

You visited 2 branches of the dungeon, and saw 8 of its levels.

You collected 465 gold pieces.

Inventory:

Hand Weapons
 a - a +1 war axe (weapon)
 d - a +0 hunting sling
 n - a +2 flail of venom
 w - a +2 mace of protection
 E - a +0 morningstar
Missiles
 z - 23 sling bullets
 A - 3 throwing nets
 I - 5 tomahawks (quivered)
Armour
 b - a +0 scale mail
 c - a +1 shield (worn)
 e - a +0 pair of boots (worn)
 r - a +0 helmet (worn)
 t - a +0 plate armour (worn)
 F - a +0 cloak (worn)
 G - a +0 pair of gloves (worn)
 K - a +0 large shield
Jewellery
 i - an uncursed ring of flight
 o - an amulet of guardian spirit (around neck)
 v - a +2 ring of evasion (left hand)
 y - a +5 ring of strength (right hand)
 B - an uncursed ring of fire
 C - an uncursed ring of fire
Wands
 m - a wand of digging (6)
 J - a wand of flame (15)
Scrolls
 g - 4 scrolls of remove curse
 l - a scroll of teleportation
 q - 3 scrolls of fear
Potions
 h - 3 potions of curing
 p - 2 potions of haste
 s - a potion of cancellation {unknown}
 u - a potion of flight {unknown}
 x - a potion of resistance {unknown}
 H - a potion of lignification {unknown}
Comestibles
 f - 13 rations


   Skills:
 + Level 6.8 Fighting
 * Level 13.0 Axes
 + Level 2.2 Throwing
 + Level 5.7 Armour
 + Level 6.1 Shields
 + Level 0.1 Evocations


You had 8 spell levels left.
You didn't know any spells.
Your spell library was empty.

Dungeon Overview and Level Annotations

Branches:
Dungeon (7/15)             Temple (1/1) D:7

Altars:
Ashenzari
Cheibriados
Dithmenos
Fedhas
Gozag
Hepliaklqana
Kikubaaqudgha
Makhleb
Nemelex Xobeh
Okawaru
Qazlal
Ru
Sif Muna
Trog
Uskayaw
Vehumet
Wu Jian
Xom
Yredelemnul
The Shining One

Annotations:
D:4 2 transporters


Message History

The electric eel shoots out a bolt of lightning at you!
The bolt of electricity hits you!
The electric eel shoots out a bolt of lightning at you!
The bolt of electricity hits the plant.
The bolt of electricity hits you!
* * * LOW HITPOINT WARNING * * *
The electric eel shoots out a bolt of lightning at you!
The bolt of electricity hits the plant.
The bolt of electricity hits you!
* * * LOW HITPOINT WARNING * * *
The electric eel shoots out a bolt of lightning at you!
The bolt of electricity hits the plant.
The bolt of electricity hits you!
* * * LOW HITPOINT WARNING * * *
The bolt of electricity hits you!
* * * LOW HITPOINT WARNING * * *
You feel better.
The electric eel shoots out a bolt of lightning at you!
The bolt of electricity hits the plant.
The bolt of electricity hits you!
* * * LOW HITPOINT WARNING * * *
The electric eel shoots out a bolt of lightning at you!
The bolt of electricity hits you!
You die...

#.#.# #.#.# #.#.#
#.#.# #.#.# #.#.#
**********######.#.#
*≈≈**≈≈*≈*#...##.#.#
≈**≈**≈♣≈♣♣≈≈...@#.#
≈≈≈≈≈≈≈≈≈♣≈≈♣♣≈#.#.#
≈≈≈≈≈≈≈P≈≈≈≈≈♣♣≈.#.#
P≈≈≈≈≈≈≈♣≈≈♣≈P≈≈.#.#
≈≈≈≈≈≈≈≈≈≈P≈≈≈≈♣≈#.#
≈≈≈≈≈≈≈≈≈≈≈≈P♣≈≈♣≈.#
≈≈≈≈≈≈≈≈≈;P≈≈;≈P♣♣.#
≈≈≈≈≈≈≈≈≈≈≈♣≈≈≈P≈≈.#
≈≈≈≈≈≈≈≈≈≈≈≈≈≈≈♣≈#.#


You could see an electric eel.

Vanquished Creatures
  Pikel (D:4)
  Grinder (D:3)
  A spriggan (D:7)
  2 sky beasts (D:5)
  An ice beast (D:5)
  2 ogres
  2 phantoms (D:4)
  2 centaurs
  2 bullfrogs
  A scorpion (D:6)
  3 wights (D:7)
  An electric eel (D:7)
  A howler monkey (D:6)
  A bullfrog zombie (D:6)
  A crimson imp (D:5)
  An orc priest (D:7)
  6 hounds
  2 jellies
  A bullfrog skeleton (D:5)
  2 iguanas (D:5)
  5 orc wizards
  4 worker ants
  A hound skeleton (D:7)
  A worker ant zombie (D:5)
  Robin (D:3)
  10 adders
  11 gnolls
  2 shadow imps
  2 oozes
  An adder skeleton (D:5)
  5 worms
  3 dart slugs
  8 leopard geckos
  24 orcs
  2 ball pythons
  8 bats
  6 giant cockroaches
  15 goblins
  7 hobgoblins
  6 jackals
  A quokka (D:3)
  6 frilled lizards
  5 kobolds
  A leopard gecko skeleton (D:7)
  7 rats
  A plant (D:7)
177 creatures vanquished.

Vanquished Creatures (others)
  Sigmund (D:4)
  A slave (D:4)
  2 worker ants (D:4)
  An adder (D:4)
  2 plants (D:7)
7 creatures vanquished.

Grand Total: 184 creatures vanquished

Notes
Turn   | Place    | Note
-------+----------+-------------------------------------------
     0 | D:1      | LabCoat the Hill Orc Fighter began the quest for the Orb.
     0 | D:1      | Reached XP level 1. HP: 19/19 MP: 1/1
   109 | D:1      | Reached XP level 2. HP: 27/27 MP: 2/2
   160 | D:1      | Reached skill level 3 in Axes
   460 | D:1      | Reached XP level 3. HP: 32/33 MP: 3/3
   771 | D:2      | Reached skill level 4 in Axes
  1178 | D:2      | Reached XP level 4. HP: 36/40 MP: 4/4
  2422 | D:3      | Reached skill level 5 in Axes
  2488 | D:3      | Noticed Robin
  2496 | D:3      | Reached XP level 5. HP: 44/47 MP: 5/5
  2506 | D:3      | Killed Robin
  2638 | D:3      | Found a sacrificial altar of Ru.
  2924 | D:3      | Reached skill level 6 in Axes
  3095 | D:3      | Noticed Grinder
  3129 | D:3      | Killed Grinder
  3129 | D:3      | Reached skill level 7 in Axes
  3129 | D:3      | Reached XP level 6. HP: 11/53 MP: 0/6
  3862 | D:4      | Reached XP level 7. HP: 59/60 MP: 7/7
  3869 | D:4      | Found an ancient bone altar of Kikubaaqudgha.
  3950 | D:4      | Found a transporter.
  4005 | D:4      | Found a basalt altar of Yredelemnul.
  4005 | D:4      | Noticed Pikel
  4018 | D:4      | Killed Pikel
  4018 | D:4      | Reached skill level 5 in Fighting
  4018 | D:4      | Reached skill level 9 in Axes
  4018 | D:4      | Reached XP level 8. HP: 68/68 MP: 8/8
  4021 | D:4      | Noticed Sigmund
  4028 | D:4      | Killed Sigmund
  4175 | D:4      | Reached skill level 10 in Axes
  4202 | D:4      | Reached skill level 5 in Armour
  4225 | D:4      | Found a deep blue altar of Sif Muna.
  4370 | D:4      | Found a transporter.
  4375 | D:4      | Noticed a kobold demonologist
  4453 | D:5      | Entered Level 5 of the Dungeon
  4530 | D:5      | Reached skill level 1 in Throwing
  4694 | D:5      | Reached skill level 5 in Shields
  4772 | D:5      | Found a faded altar of an unknown god.
  4772 | D:5      | Found a snail-covered altar of Cheibriados.
  4777 | D:5      | Found a sparkling altar of Nemelex Xobeh.
  4779 | D:5      | Found a shadowy altar of Dithmenos.
  4789 | D:5      | Found a faded altar of an unknown god.
  4846 | D:5      | Reached skill level 11 in Axes
  5108 | D:5      | Reached XP level 9. HP: 75/75 MP: 9/9
  5535 | D:6      | Reached skill level 12 in Axes
  5942 | D:7      | Found a burning altar of Makhleb.
  5944 | D:7      | Found a shattered altar of Ashenzari.
  5944 | D:7      | Found a radiant altar of Vehumet.
  6854 | D:7      | Reached skill level 13 in Axes
  6890 | D:7      | Found a staircase to the Ecumenical Temple.
  6896 | Temple   | Entered the Ecumenical Temple
  6940 | Temple   | Became a worshipper of Trog the Wrathful
  7465 | D:7      | HP: 2/78 [electric eel/bolt of electricity (4)]
  7468 | D:7      | Killed from afar by an electric eel

Skill      XL: |  1  2  3  4  5  6  7  8  9 |
---------------+----------------------------+-----
Axes           | 3 4 5 7 9 11 13 | 13.0
Fighting       | 4 5 6 |  6.8
Shields        | 4 5 6 |  6.1
Armour         | 4 5 |  5.7
Throwing       | 1 2 |  2.2
Evocations     | |  0.1

Action                   |  1- 3 |  4- 6 |  7- 9 || total
-------------------------+-------+-------+-------++-------
Melee: War axe           |   131 |   265 |   368 ||   764
Throw: Tomahawk          |     2 |       |    42 ||    44
       Throwing net      |       |       |     3 ||     3
Evoke: Wand              |       |       |     5 ||     5
  Use: Scroll            |     5 |     3 |    11 ||    19
       Potion            |       |     1 |     1 ||     2
 Stab: Distracted        |       |       |     1 ||     1
  Eat: Chunk             |     1 |     7 |     7 ||    15
       Ration            |       |     1 |     1 ||     2
Armor: Scale mail        |    54 |    13 |       ||    67
       Plate armour      |       |   163 |   165 ||   328
Dodge: Dodged            |    40 |    48 |    75 ||   163
Block: Shield            |    69 |   148 |   167 ||   384
